Unix NetHack Version 3.7.0-80 Work-in-progress - last build Apr 4 2023 12:38:21 (790859391a0ee7bd3181b412646ad1b7e633ff00,branch:master). Game began 2023-03-31 17:29:15, ended 2023-05-17 16:22:01. moulin, neutral male gnomish Wizard #----- ------ #.....#### |.<^.| #|...| ##.....| ######|...| # #|....| ################################# #|...- #------ ## #### -------------## |...| # # ######### |*.........*|### -.--- # ####### |.....*.....|## #### # |...-----...|## ##### # |...|.{......## ## # # # |..*|{@@|*..|### # ###### # |...|.{.|....##################### |...-----...|# # --.-------##### |.....*...... |........|# ###### |*.........*| |........| ##--.--+-- ------------- |..>.....| #|......| |........| ##-%.....| ---------- |......| -------- Moulin the Magician St:15 Dx:13 Co:18 In:15 Wi:17 Ch:10 Neutral S:25013 Dlvl:7 $:0 HP:93(93) Pw:95(99) AC:-9 Xp:10/5603 T:15439 Burdened Latest messages: The spell hits the ice vortex! You are freezing to death! You are freezing to death! In what direction? j The spell hits the ice vortex! In what direction? j The spell hits the ice vortex! The ice vortex resists! You destroy the ice vortex! The dwarf zombie misses! You hit the dwarf zombie. The dwarf zombie hits! You hit the dwarf zombie! a - a blessed +1 quarterstaff (weapon in hands). You hit the dwarf zombie! You destroy the dwarf zombie! You hear the footsteps of a guard on patrol. You climb up the stairs. You attack thin air. You attack thin air. You see here 33 rocks. "Hello, moulin, welcome to Delphi!" What do you want to use or apply? [bcg-ikmnqwCGKLVW or ?*] b Restoring save file... Hello moulin, the gnomish Wizard, welcome back to NetHack! Your movements are slowed slightly because of your load. Really quit? [yn] (n) y Do you want your possessions identified? [ynq] (y) q Inventory: Weapons p - 11 blessed +0 darts a - a blessed +1 quarterstaff (weapon in hands) Armor r - an uncursed +1 dwarvish iron helm (being worn) Y - an uncursed +0 pair of leather gloves (being worn) o - an uncursed +0 pair of high boots (being worn) f - a blessed burnt +0 cloak of magic resistance (being worn) O - a blessed burnt +4 mummy wrapping d - a blessed greased +2 silver dragon scale mail (being worn) Rings Z - an uncursed ring of regeneration B - an uncursed ring of shock resistance (on left hand) e - an uncursed ring of slow digestion X - an uncursed ring of stealth l - an uncursed ring of sustain ability Wands k - a wand of cold (0:1) q - a wand of death (0:2) c - a wand of enlightenment (0:6) n - a wand of nothing (0:5) G - a wand of speed monster (0:2) L - a blessed wand of striking (0:7) g - a wand of striking (0:5) K - a wand of teleportation (0:3) C - a wand of teleportation (0:2) Tools b - an uncursed sack containing 40 items m - an uncursed blindfold w - a blessed brass lantern V - a magic marker (0:54) W - a +0 pick-axe (alternate weapon; not wielded) h - a +0 unicorn horn Gems/Stones i - an uncursed luckstone Contents of the sack: 1911 gold pieces an uncursed amulet of reflection a +0 bullwhip 2 uncursed slime molds 2 uncursed C-rations an uncursed cram ration 2 uncursed food rations an uncursed fortune cookie an uncursed K-ration 2 uncursed eggs an uncursed lizard corpse a blessed scroll of earth 3 uncursed scrolls of earth a blessed scroll of create monster 3 uncursed scrolls of genocide an uncursed scroll of identify an uncursed scroll of remove curse an uncursed scroll of stinking cloud a cursed scroll of teleportation 4 uncursed potions of water an uncursed potion of gain ability an uncursed potion of gain energy a cursed potion of gain energy an uncursed potion of gain level a cursed potion of healing 2 uncursed potions of object detection a blessed oil lamp an uncursed oil lamp 2 uncursed worthless pieces of black glass an uncursed jet stone 3 uncursed worthless pieces of green glass an uncursed worthless piece of orange glass 2 uncursed amethyst stones an uncursed worthless piece of yellow glass an uncursed worthless piece of yellowish brown glass an uncursed worthless piece of violet glass an uncursed aquamarine stone an uncursed diamond 4 uncursed emeralds 2 uncursed rubies Moulin the Wizard's attributes: Background: You were a Magician, a level 10 male gnomish Wizard. You were neutral, on a mission for Thoth who was opposed by Ptah (lawful) and Anhur (chaotic). You were in the Dungeons of Doom, on level 7. You entered the dungeon 15439 turns ago. You had 5603 experience points, 4397 more were needed to attain level 11. Your score was 25013 before end-of-game adjustments. Basics: You had all 93 hit points. You had 95 out of 99 energy points (spell power). Your armor class was -9. Your wallet was empty, but you had 1911 zorkmids stashed away in your pack. Autopickup was off. Final Characteristics: Your strength was 15 (limit:18/50). Your dexterity was 13 (limit:18). Your constitution was 18 (limit:18). Your intelligence was 15 (limit:19). Your wisdom was 17 (limit:18). Your charisma was 10 (limit:18). Final Status: You were not hungry. You were burdened; movement was slightly slowed. You were wielding a quarterstaff. You had basic skill with quarterstaff and could have enhanced that. Final Attributes: You were piously aligned. You were magic-protected. You were fire resistant. You were shock resistant. Your items were protected from electric shocks. You were poison resistant. You were telepathic. You had infravision. You had a small defense bonus (+2). You were warded. You were fast. You had reflection. You were lucky. You had extra luck. Bad luck did not time out for you. Good luck did not time out for you. You survived. Miscellaneous: You never encountered a bones level. Total elapsed playing time was 5 hours, 44 minutes and 13 seconds. Major events: Turn 1: moulin the neutral male gnomish Wizard entered the dungeon 616: attained the rank of Conjurer (level 3) 1326: attained the rank of Thaumaturge (level 6) 4104: entered Sokoban 4638: completed 1st Sokoban level 5618: completed 2nd Sokoban level 6354: completed 3rd Sokoban level 7706: completed 4th Sokoban level 8628: acquired the Sokoban amulet of reflection 11550: entered the Gnomish Mines 12014: made his first wish - "blessed greased +2 silver dragon scale mail", got "a greased silver dragon scale mail" 13992: reached Mine Town 14539: attained the rank of Magician (level 10) 15439: quit Vanquished creatures: a shopkeeper 4 giant mimics 3 large mimics 2 wargs 10 small mimics 2 warhorses a xan an ettin mummy 2 gelatinous cubes a freezing sphere 3 flaming spheres a tengu 2 leocrottas an elf mummy a human mummy 2 carnivorous apes an ettin zombie 3 soldiers a chameleon a crocodile 3 giant beetles 2 quivering blobs 2 cockatrices 4 wolves 2 winter wolf cubs a lynx 3 gremlins 3 leprechauns an orc-captain an ice vortex a black light 3 vampire bats a forest centaur an orc mummy a dwarf mummy 3 owlbears a yeti a gold golem a Green-elf 2 lizards 2 dingoes a housecat 3 jaguars a blue jelly 2 white unicorns a black unicorn 4 dust vortices 2 ravens 3 gnome mummies 2 snakes 2 apes 3 rope golems a Woodland-elf 5 soldier ants 2 fire ants 2 quasits 3 mountain nymphs an orc shaman 2 rock piercers 2 rock moles 2 fog clouds 6 yellow lights 4 shriekers 2 violet fungi 2 gnome leaders 2 gnomish wizards a golden naga hatchling a gray ooze 6 elf zombies a ghoul 3 paper golems 6 giant ants a little dog 7 floating eyes 4 dwarves a kobold leader 2 kobold shamans 23 hill orcs 12 rothes 3 giant bats a monkey an orc zombie 5 dwarf zombies a wererat 4 werejackals 9 iguanas 4 killer bees 2 acid blobs a coyote a gas spore 4 hobbits 4 large kobolds 6 hobgoblins 2 giant rats 2 cave spiders a brown mold a yellow mold a red mold 6 gnomes 11 garter snakes 5 geckos 14 jackals 3 foxes a kobold 7 goblins 2 sewer rats a grid bug a bat 2 lichens 2 kobold zombies 13 newts 331 creatures vanquished. No species were genocided or became extinct. Voluntary challenges: You read items or engraved 26 times. You engraved Elbereth 1 time. You never genocided any monsters. You never polymorphed an object. You never changed form. You used 1 wish. You did not wish for any artifacts. You violated the special Sokoban rules once. Achievements: You attained the rank of Conjurer. You attained the rank of Thaumaturge. You entered a shop. You entered Sokoban. You completed Sokoban. You entered the Gnomish Mines. You entered a temple. You entered Minetown. You attained the rank of Magician. The Dungeons of Doom: levels 1 to 11 Level 1: An altar to Thoth, some fountains, a sink. Level 2: An altar to Thoth, a fountain. Level 3: Level 4: An armor shop. Stairs down to The Gnomish Mines. Level 5: Level 6: Level 7: <- You were here. Many fountains. Oracle of Delphi. Level 8: A fountain, a sink. Stairs up to Sokoban, level 7. Level 9: A fountain, a sink. Level 10: An altar to Thoth, a fountain. Level 11: The Gnomish Mines: levels 5 to 13 Level 5: Level 6: Level 7: Level 8: Many shops, a temple, a fountain. Level 9: Level 10: Level 11: Level 12: Level 13: Some fountains. Sokoban: levels 7 up to 4 Level 4: Solved. Level 5: Solved. Level 6: Solved. Level 7: Solved. Goodbye moulin the Wizard... You quit in The Dungeons of Doom on dungeon level 7 with 25013 points, and 1911 pieces of gold, after 15439 moves. You were level 10 with a maximum of 93 hit points when you quit.